 Dungeon Crawl Stone Soup version 0.28.0-53-g5a82cb258f (webtiles) character file.

Game seed: 6056933995639378406

49 worthlessgem the Changer (level 3, -2/15 HPs)
             Began as a Felid Transmuter on Aug 23, 2022.
             Slain by an iron imp (9 damage)
             ... summoned by Eustachio
             ... on level 5 of the Dungeon.
             The game lasted 00:11:33 (3235 turns).

worthlessgem the Changer (Felid Transmuter)         Turns: 3235, Time: 00:11:33

Health: -2/15      AC:  2    Str:  6    XL:     3   Next: 53%
Magic:  1/7        EV: 20    Int: 16    God:
Gold:   101        SH:  0    Dex: 21    Spells: 2/6 levels left
                                        Lives:  0   Deaths: 0

rFire   . . .      SeeInvis +     - Unarmed
rCold   . . .      Faith    .   (shield unavailable)
rNeg    . . .      Spirit   .   (armour unavailable)
rPois   x          Reflect  .   (helmet unavailable)
rElec   .          Harm     .   (cloak unavailable)
rCorr   .          Rampage  .   (gloves unavailable)
Will    .....                   (boots unavailable)
Stlth   ++........              (no amulet)
HPRegen 0.05/turn               (no ring)
MPRegen 0.10/turn               (no ring)

@: spider-form (expiring), very slightly contaminated
A: venomous fangs, tiny, (claws 1), (fangs 3), see invisible, (speed 1), (shaggy
fur 1), (stealthy paws), no weapons or thrown items, no armour, multi-lived
a: End Transformation


You were on level 5 of the Dungeon.
You were a venomous arachnid creature.
You visited 1 branch of the dungeon, and saw 5 of its levels.

You collected 146 gold pieces.
You spent 45 gold pieces at shops.

Inventory:

Missiles
 a - 40 stones
Jewellery
 b - a +6 ring of dexterity
Scrolls
 c - a scroll of enchant armour {unknown}
 f - a scroll of vulnerability {unknown}
 g - a scroll of teleportation {unknown}
Potions
 d - a potion of might {unknown}
 e - a potion of haste {unknown}


   Skills:
 - Level 1.0 Fighting
 - Level 2.6 Dodging
 - Level 3.0 Unarmed Combat
 - Level 2.0 Spellcasting
 + Level 3.4 Transmutations
 - Level 2.0 Poison Magic


You had 2 spell levels left.
You knew the following spells:

 Your Spells              Type           Power      Damage    Failure   Level
a - Beastly Appendage     Tmut           24%        N/A       14%         1
b - Spider Form           Tmut/Pois      10%        N/A       41%         3

Your spell library contained the following spells:

 Spells                   Type           Power      Damage    Failure   Level
 Wereblood                Tmut           12%        N/A       21%         2
 Ice Form                 Ice/Tmut       7%         N/A       87%         4


Dungeon Overview and Level Annotations

Branches:
Dungeon (5/15)
 Temple: D:4-7

Altars:
Dithmenos
Okawaru
Yredelemnul
Zin

Shops:
D:1 *

Annotations:
D:2 exclusion: adder
D:3 exclusion: adder
D:5 Eustachio


Innate Abilities, Weirdness & Mutations

You are a venomous arachnid creature.
You have poisonous fangs.
You are tiny and dextrous.
Your spellcasting is less reliable in this form.
((You have sharp claws.))
((You have razor-sharp teeth.))
You have supernaturally acute eyesight. (SInv)
((You cover ground quickly. (Speed+)))
((You are covered in fur. (AC +1)))
((Your paws help you pounce on unaware monsters.))
You are incapable of wielding weapons or throwing items.
You cannot wear armour.
You gain extra lives every three experience levels.


Message History

You start resting.
HP restored.
Found a stone staircase leading up.
Eustachio the Magnificent comes into view.
He is wielding a +0 rapier.
Found a spear.
Eustachio shouts!
Eustachio gestures wildly while chanting.
You start waiting.
There are monsters nearby!
Casting: Beastly Appendage (safe; 4% risk of failure)
Confirm with . or Enter, or press ? or * to list all spells.
The spell is potentially lethal to miscast (21% risk of failure)!
Continue anyway?
You miscast Spider Form.
You are very lightly contaminated with residual magic.
Nothing appears to happen.
Eustachio gestures wildly while chanting.
Casting: Spider Form (potentially lethal; 21% risk of failure)
Confirm with . or Enter, or press ? or * to list all spells.
The spell is potentially lethal to miscast (21% risk of failure)!
Continue anyway?
You turn into a venomous arachnid creature.
Eustachio casts a spell.
You barely miss Eustachio. The bat misses you.
The bat hits you but does no damage. Eustachio hits you with a +0 rapier.
You hit Eustachio.
Eustachio is lightly wounded.
The bat barely misses you.
Eustachio mumbles some strange words.
You hear a shout!
You closely miss Eustachio.
Eustachio is lightly wounded.
The bat barely misses you. The bat hits you.
The quasit bites you but does no damage.
The quasit barely misses you. The quasit claws you.
Eustachio barely misses you.
Unknown command.
You hit Eustachio.
Eustachio is poisoned.
Eustachio is moderately wounded.
The bat closely misses you. The iron imp hits you!
Ouch! That really hurt!
You die...

#..r...
#r@....
#....<.
#......
...)...
.......##
.......r#
#####@#
#..5sb#
##.##5#
#....<#
#######


You could see Eustachio (very poisoned), an iron imp (summoned), a quasit
(summoned), a quokka (summoned) and a bat (summoned).

Vanquished Creatures
  An adder skeleton (D:4)
  A dart slug (D:1)
  An orc (D:4)
  7 endoplasms
  4 giant cockroaches
  A goblin (D:2)
  5 hobgoblins
  3 jackals (D:3)
  A quokka (D:3)
  A ball python (D:1)
  7 bats
  A frilled lizard (D:1)
  5 rats
38 creatures vanquished.

Notes
Turn   | Place    | Note
-------+----------+-------------------------------------------
     0 | D:1      | worthlessgem the Felid Transmuter began the quest for the
                  | Orb.
     0 | D:1      | Reached XP level 1. HP: 9/9 MP: 4/4
   136 | D:1      | Found Joafomurr's General Store.
   155 | D:1      | Found a faded altar of an unknown god.
   363 | D:1      | Reached skill level 1 in Poison Magic
   412 | D:1      | Reached XP level 2. HP: 11/12 MP: 4/6
  1846 | D:2      | Reached XP level 3. HP: 15/15 MP: 5/7
  1850 | D:2      | Learned a level 3 spell: Spider Form
  2425 | D:3      | Noticed an angel
  2426 | D:3      | Found a glowing silver altar of Zin.
  2572 | D:4      | Found a basalt altar of Yredelemnul.
  2585 | D:4      | Found a shadowy altar of Dithmenos.
  2600 | D:4      | Found an iron altar of Okawaru.
  2828 | D:1      | Bought a scroll of magic mapping for 45 gold pieces
  2985 | D:5      | Entered Level 5 of the Dungeon
  3222 | D:5      | Noticed Eustachio
  3235 | D:5      | Slain by an iron imp

Illustrated notes

Levels and vault maps discovered:
D:1:      minmay_arrival_shattered_statue, layout_loops_ring, serial_shops,
          shop, ebering_ecumenical_altar_hall, hangedman_abyss_or_decor_stabs
D:2:      layout_basic, chequers_garden, nicolae_figureground_sparkle
D:3:      layout_basic, zin_angel, mainiacjoe_overflow_alcove_2,
          serial_bayou_pond_a, minmay_vboxes
D:4:      layout_loops_ring, grunt_temple_overflow_open, chequers_arboretum,
          st_stairs_13, hangedman_decor_growths
D:5:      layout_basic, uniq_edmund, uniq_menkaure, uniq_eustachio

Skill      XL: |  1  2  3 |
---------------+----------+-----
Poison Magic   | 1 2 |  2.0
Transmutations | 3 |  3.4
Fighting       | |  1.0
Dodging        | |  2.6
Unarmed Combat | |  3.0
Spellcasting   | |  2.0

Action                   || total
-------------------------++-------
Melee: Unarmed           ||    97
       Headbutt          ||     8
       Bite              ||     7
       Punch             ||     2
 Cast: Beastly Appendage ||    22
       Spider Form       ||     3
  Use: Scroll            ||     1
 Stab: Sleeping          ||     4
Armor: Skin              ||     7
Dodge: Dodged            ||    62
